 Dungeon Sprint DCSS version 0.31.0-12-g77e489cdc1 (webtiles) character file.

Game seed: 12959992464940545264

31200000 Kallu the Ninja (level 27, 228/228 HPs)
             Began as a Djinni Warper on Feb 16, 2024.
             Was the Champion of Makhleb.
             Escaped with the Orb!
             The game lasted 00:07:09 (156 turns).

Kallu the Ninja (Djinni Warper)                      Turns: 156, Time: 00:07:10

Health: 228/228    AC:  6    Str: 10    XL:     27
Gold:   0          EV: 36    Int: 17    God:    Makhleb [******] SH:  0 Dex: 25

rFire   + + +        h - +∞ Axe of Woe
rCold   x . .        (shield currently unavailable)
rNeg    . . .        a - +0 leather armour
rPois   ∞            (no helmet)
rElec   .            (no cloak)
rCorr   .            (no gloves)
SInv    +            (boots unavailable)
Will    ++...        (no amulet)
Stlth   ++++         i - ring of see invisible
HPRegen 0.58/turn    j - ring of protection from fire
MPRegen 0.00/turn

%: no teleportation
@: flying, hasted, very quick
A: sickness immunity, fire resistance 2, cold vulnerability 1, float, innate
caster, HP casting, extra vitality 1
0: Orb of Zot
a: Renounce Religion, Minor Destruction, Lesser Servant of Makhleb, Major
Destruction, Greater Servant of Makhleb


You escaped.
You worshipped Makhleb.
Makhleb was exalted by your worship.
You visited 1 branch

Inventory:

Hand Weapons
 h - the +∞ Axe of Woe (weapon)
   (You found it in the Dungeon)
Missiles
 c - 7 darts of dispersal
Armour
 a - a +0 leather armour (worn)
Jewellery
 f - a +100 ring of slaying
 i - a ring of see invisible (left hand)
 j - a ring of protection from fire (right hand)
 k - a +30 ring of slaying
Scrolls
 b - 2 scrolls of blinking
Potions
 d - a potion of curing
 e - a potion of heal wounds
 g - a potion of berserk rage


   Skills:
 O Level 27 Fighting
 O Level 27 Short Blades
 O Level 27 Long Blades
 O Level 27 Axes
 O Level 27 Maces & Flails
 O Level 27 Polearms
 O Level 27 Staves
 O Level 27 Ranged Weapons
 O Level 27 Throwing
 O Level 27 Armour
 O Level 27 Dodging
 O Level 27 Stealth
 O Level 27 Shields
 O Level 27 Unarmed Combat
 O Level 27 Spellcasting
 O Level 27 Conjurations
 O Level 27 Hexes
 O Level 27 Summonings
 O Level 27 Necromancy
 O Level 27 Translocations
 O Level 27 Fire Magic
 O Level 27 Ice Magic
 O Level 27 Air Magic
 O Level 27 Earth Magic
 O Level 27 Alchemy
 O Level 27 Invocations
 O Level 27 Evocations
 O Level 27 Shapeshifting


You knew the following spells:

 Your Spells              Type           Power      Damage    Failure   Level
a - Blink                 Tloc           100%       N/A       0%          2
b - Lesser Beckoning      Tloc           100%       N/A       0%          2
c - Teleport Other        Tloc           86%        N/A       0%          3
d - Manifold Assault      Tloc           86%        N/A       0%          4
e - Vhi's Electric Charg  Tloc/Air       100%       N/A       0%          4
f - Apportation           Tloc           100%       N/A       0%          1
g - Scorch                Fire           100%       2d9       0%          2
h - Ozocubu's Armour      Ice            86%        N/A       0%          3
i - Summon Blazeheart Go  Fire/Summ      86%        N/A       0%          4
j - Martyr's Knell        Necr/Summ      86%        N/A       0%          4
k - Summon Mana Viper     Hex/Summ       86%        N/A       0%          5
l - Dispersal             Tloc           43%        N/A       0%          6
m - Summon Hydra          Summ           43%        N/A       1%          7
n - Conjure Ball Lightni  Conj/Air       43%        3x3d15    0%          6
o - Borgnjor's Revivific  Necr           43%        N/A       1%          8
p - Discord               Hex            43%        N/A       1%          8
q - Shatter               Erth           43%        3d33*     2%          9
r - Polar Vortex          Ice            43%        12d5*     2%          9
Your spell library was empty.

Dungeon Overview and Level Annotations

Branches:
Dungeon (1/1)

Altars:
Makhleb


Innate Abilities, Weirdness & Mutations

You are immune to sickness and miasma.
You are immune to poison.
Your flesh is very heat resistant. (rF++)
You are vulnerable to cold. (rC-)
You float through the air rather than walking.
You learn spells naturally, not from books.
Your magical power is your life essence.
You have superior vitality. (+4 MHP)


Message History

Unknown command.
Space momentarily warps into an impossible shape!
The bag of meat shouts!
You slice the meat beast!!
You butcher the meat beast messily.
You kill the meat beast!
Makhleb accepts your kill.
You feel better.
You hit the destroyer. You chop the destroyer into pieces.
You destroy the destroyer!
Makhleb accepts your kill.
You chop the bag of meat into pieces!!!
You slaughter the bag of meat joyfully.
You kill the bag of meat!
Makhleb accepts your kill.
You hear a shout!
The Meatlord comes into view.
Space momentarily warps into an impossible shape!
The Meatlord shouts, "Face thy requiem, thou tasty snack!"
You slash The Meatlord!
You slaughter The Meatlord joyfully.
You kill The Meatlord!
Makhleb accepts your kill.
You feel better. ------------------------------------------------------------------------------ ------------------------------------------------------------------------------ -- You have destroyed The Meatlord. -- ------------------------------------------------------------------------------ ------------------------------------------------------------------------------ ------------------------------------------------------------------------------ ------------------------------------------------------------------------------ -- You will die a champion. -- ------------------------------------------------------------------------------ ------------------------------------------------------------------------------ The Orb of Zot has appeared underneath you.
A fleshlord comes into view. It is wielding a +9 great mace. x2
You pick up the Orb of Zot!
The Orb lets out an ear-shattering shriek!
The lords of Pandemonium are not amused.
Beware!
Now all you have to do is get back out of the dungeon!
The fleshlord shouts!
You hear a shout! x4; You hear an angry hiss.
You hear a shout! x6; You hear an angry hiss.
You hear a shout! x9
You hear an angry hiss.
You hear a roar!
You hear a shout!
You hear an angry hiss.
You hear a shout! x2; You hear a roar!
You hear a shout! x4; You hear a bellow!
You hear a shout! x3
You hear an angry hiss.
You hear a bleat!
You hear a roar!
You hear a chilling moan.
You hear an angry hiss.
You hear a shout! x2
You hear a howl!
You hear a shout! x6
A dread comes into view.
The fleshlord casts a spell at you.
You barely resist.
You have escaped!

....§.)oV..........o.o. .
.o#o........))..........
...#.O......#..)....#. .....Mo
o.....#.....#.p.)...# ......o
.o.#.....)###.).G.[)###)...)).
........X†....)###).....☼.....
...)...#.....)))_....).)..).).
.)..†#.......#)....#..°☼...#.#
###..).......#_)@)_#)○§.......
#....#.))....#)..))#☼)§...#.#
)......#).)....._)).))).○....z
))§§)..).))...)###.)))=).).#.#
§☼)☼))))).###..)..))###.○..)..
)§§○).)))...#)))....# ...).†.
......°)☼...#..).)..# .....†.
...#..☼○)..)))))...)W. .....).
..#.#.#).......)........#...#.


You could see a fleshlord and a dread.

Vanquished Creatures
  Dispater (D)
  9 hell knights (D)
  Sigmund (D)
  15 hell beasts (D)
  Edmund (D)
  7 royal mummies (D)
  13 wraiths (D)
  11 great orbs of eyes (D)
  Harold (D)
  28 vampire knights (D)
  55 ogres (D)
  15 two-headed ogres (D)
  9 liches (D)
  10 hydras (D)
  12 phantoms (D)
  149 orcs (D)
  10 skeletal warriors (D)
  8 sea snakes (D)
355 creatures vanquished.

Notes
Turn   | Place    | Note
-------+----------+-------------------------------------------
     0 | D        | Found the +∞ Axe of Woe
     0 | D        | Kallu the Djinni Warper began the quest for the Orb.
     0 | D        | Kallu set off with the following spells memorised: Blink,
                  | Lesser Beckoning, Teleport Other, Manifold Assault, Vhi's
                  | Electric Charge.
     0 | D        | Reached XP level 1. HP: 18/18 MP: 0/0
     1 | D        | Noticed a bag of meat
     2 | D        | Noticed a bag of meat
     4 | D        | Became a worshipper of Makhleb the Destroyer
     6 | D        | Noticed a bag of meat
     6 | D        | Noticed a bag of meat
     6 | D        | Noticed a meat berserker
     6 | D        | Noticed a meat berserker
     7 | D        | Killed a bag of meat
     7 | D        | Noticed a bag of meat
     7 | D        | Noticed a bag of meat
     7 | D        | Noticed a bag of meat
     7 | D        | Noticed a bag of meat
     7 | D        | Noticed a meat berserker
     7 | D        | Noticed a bag of meat
     8 | D        | Reached skill level 15 in Axes
     8 | D        | Reached skill level 10 in Spellcasting
     8 | D        | Reached skill level 10 in Conjurations
     8 | D        | Reached skill level 10 in Hexes
     8 | D        | Reached skill level 10 in Summonings
     8 | D        | Reached skill level 10 in Necromancy
     8 | D        | Reached skill level 10 in Translocations
     8 | D        | Reached skill level 10 in Fire Magic
     8 | D        | Reached skill level 10 in Ice Magic
     8 | D        | Reached skill level 10 in Air Magic
     8 | D        | Reached skill level 10 in Earth Magic
     8 | D        | Reached skill level 10 in Alchemy
     8 | D        | Reached XP level 2. HP: 40/40 MP: 0/0
     8 | D        | Reached XP level 3. HP: 45/45 MP: 0/0
     8 | D        | Learned a level 1 spell: Apportation
     8 | D        | Reached XP level 4. HP: 51/51 MP: 0/0
     8 | D        | Reached XP level 5. HP: 57/57 MP: 0/0
     8 | D        | Learned a level 2 spell: Scorch
     8 | D        | Reached XP level 6. HP: 63/63 MP: 0/0
     8 | D        | Reached XP level 7. HP: 68/68 MP: 0/0
     8 | D        | Learned a level 3 spell: Ozocubu's Armour
     8 | D        | Reached XP level 8. HP: 75/75 MP: 0/0
     8 | D        | Reached XP level 9. HP: 80/80 MP: 0/0
     8 | D        | Learned a level 4 spell: Summon Blazeheart Golem
     8 | D        | Reached XP level 10. HP: 86/86 MP: 0/0
     8 | D        | Reached XP level 11. HP: 92/92 MP: 0/0
     8 | D        | Learned a level 4 spell: Martyr's Knell
     8 | D        | Noticed a bag of meat
     9 | D        | Noticed a meat berserker
    10 | D        | Noticed a bag of meat
    10 | D        | Killed a meat berserker
    10 | D        | Reached * piety under Makhleb
    10 | D        | Killed a bag of meat
    10 | D        | Noticed a bag of meat
    10 | D        | Noticed a bag of meat
    10 | D        | Noticed a bag of meat
    10 | D        | Noticed a bag of meat
    11 | D        | Reached XP level 12. HP: 105/109 MP: 0/0
    11 | D        | Reached XP level 13. HP: 111/115 MP: 0/0
    11 | D        | Learned a level 5 spell: Summon Mana Viper
    11 | D        | Killed a bag of meat
    11 | D        | Killed a bag of meat
    11 | D        | Reached ** piety under Makhleb
    11 | D        | Killed a bag of meat
    11 | D        | Killed a bag of meat
    11 | D        | Noticed a bag of meat
    11 | D        | Noticed a meat berserker
    12 | D        | Reached XP level 14. HP: 130/130 MP: 0/0
    12 | D        | Reached XP level 15. HP: 135/135 MP: 0/0
    12 | D        | Learned a level 6 spell: Dispersal
    12 | D        | Killed a meat berserker
    12 | D        | Reached *** piety under Makhleb
    13 | D        | Noticed a meat berserker
    14 | D        | Noticed a meat berserker
    14 | D        | Noticed a large bag of meat
    14 | D        | Noticed a meat berserker
    14 | D        | Killed a meat berserker
    14 | D        | Noticed a meat berserker
    15 | D        | Reached skill level 15 in Stealth
    15 | D        | Reached XP level 16. HP: 142/142 MP: 0/0
    15 | D        | Reached **** piety under Makhleb
    16 | D        | Reached XP level 17. HP: 148/148 MP: 0/0
    16 | D        | Learned a level 7 spell: Summon Hydra
    16 | D        | Reached ***** piety under Makhleb
    16 | D        | Noticed a meat berserker
    19 | D        | Noticed a destroyer
    24 | D        | Reached XP level 18. HP: 155/155 MP: 0/0
    24 | D        | Reached ****** piety under Makhleb
    25 | D        | Reached skill level 27 in Stealth
    25 | D        | Killed a destroyer
    25 | D        | Killed a meat berserker
    26 | D        | Reached skill level 27 in Fighting
    26 | D        | Reached skill level 27 in Axes
    26 | D        | Reached skill level 27 in Spellcasting
    26 | D        | Reached skill level 27 in Conjurations
    26 | D        | Reached skill level 27 in Hexes
    26 | D        | Reached skill level 27 in Summonings
    26 | D        | Reached skill level 27 in Necromancy
    26 | D        | Reached skill level 27 in Translocations
    26 | D        | Reached skill level 27 in Fire Magic
    26 | D        | Reached skill level 27 in Ice Magic
    26 | D        | Reached skill level 27 in Air Magic
    26 | D        | Reached skill level 27 in Earth Magic
    26 | D        | Reached skill level 27 in Alchemy
    26 | D        | Reached XP level 19. HP: 174/174 MP: 0/0
    26 | D        | Learned a level 6 spell: Conjure Ball Lightning
    26 | D        | Killed a meat berserker
    27 | D        | Noticed a meat berserker
    27 | D        | Killed a meat berserker
    27 | D        | Killed a meat berserker
    28 | D        | Reached skill level 5 in Throwing
    28 | D        | Reached XP level 20. HP: 181/181 MP: 0/0
    28 | D        | Noticed a meat berserker
    28 | D        | Noticed a destroyer
    29 | D        | Reached skill level 10 in Armour
    29 | D        | Noticed The Servant
    29 | D        | Killed a meat berserker
    30 | D        | Reached XP level 21. HP: 187/187 MP: 0/0
    30 | D        | Learned a level 8 spell: Borgnjor's Revivification
    30 | D        | Noticed a destroyer
    30 | D        | Killed a meat berserker
    31 | D        | Reached skill level 27 in Dodging
    31 | D        | Killed a meat berserker
    31 | D        | Killed The Servant
    32 | D        | Reached skill level 27 in Unarmed Combat
    32 | D        | Reached XP level 22. HP: 194/194 MP: 0/0
    32 | D        | Killed a destroyer
    33 | D        | Reached skill level 27 in Armour
    33 | D        | Noticed a destroyer
    34 | D        | Noticed a meat berserker
    34 | D        | Noticed a meat berserker
    34 | D        | Noticed a destroyer
    34 | D        | Killed a destroyer
    35 | D        | Reached skill level 27 in Throwing
    35 | D        | Reached XP level 23. HP: 201/201 MP: 0/0
    35 | D        | Learned a level 8 spell: Discord
    36 | D        | Noticed a large bag of meat
    37 | D        | Reached skill level 10 in Shields
    37 | D        | Reached skill level 10 in Invocations
    37 | D        | Reached skill level 10 in Evocations
    37 | D        | Noticed a large bag of meat
    38 | D        | Reached XP level 24. HP: 208/208 MP: 0/0
    38 | D        | Noticed a large bag of meat
    38 | D        | Noticed a destroyer
    38 | D        | Noticed a destroyer
    39 | D        | Killed a large bag of meat
    39 | D        | Killed a destroyer
    40 | D        | Reached skill level 15 in Short Blades
    40 | D        | Reached skill level 15 in Long Blades
    40 | D        | Reached skill level 15 in Staves
    40 | D        | Reached XP level 25. HP: 202/214 MP: 0/0
    40 | D        | Learned a level 9 spell: Shatter
    40 | D        | Killed a large bag of meat
    41 | D        | Reached skill level 15 in Maces & Flails
    41 | D        | Reached skill level 15 in Polearms
    41 | D        | Reached skill level 15 in Ranged Weapons
    41 | D        | Reached skill level 15 in Shapeshifting
    41 | D        | Noticed a destroyer
    41 | D        | Noticed a large bag of meat
    42 | D        | Noticed a destroyer
    42 | D        | Killed a destroyer
    43 | D        | Reached XP level 26. HP: 221/221 MP: 0/0
    43 | D        | Noticed a destroyer
    43 | D        | Noticed a destroyer
    43 | D        | Noticed a large bag of meat
    43 | D        | Noticed a destroyer
    43 | D        | Noticed a destroyer
    43 | D        | Killed a destroyer
    43 | D        | Killed a destroyer
    44 | D        | Killed a destroyer
    44 | D        | Killed a large bag of meat
    44 | D        | Noticed a destroyer
    45 | D        | Reached XP level 27. HP: 212/228 MP: 0/0
    45 | D        | Learned a level 9 spell: Polar Vortex
    45 | D        | Killed a destroyer
    46 | D        | Noticed a large bag of meat
    46 | D        | Noticed a destroyer
    46 | D        | Killed a destroyer
    49 | D        | Killed a destroyer
    49 | D        | Noticed a destroyer
    52 | D        | Noticed an accursed
    52 | D        | Noticed a tyrant
    52 | D        | Killed a destroyer
    53 | D        | Reached skill level 27 in Shields
    53 | D        | Reached skill level 27 in Invocations
    53 | D        | Reached skill level 27 in Evocations
    53 | D        | Killed a large bag of meat
    53 | D        | Noticed a tyrant
    54 | D        | Reached skill level 27 in Short Blades
    54 | D        | Reached skill level 27 in Long Blades
    54 | D        | Reached skill level 27 in Staves
    55 | D        | Noticed a destroyer
    56 | D        | Reached skill level 27 in Maces & Flails
    56 | D        | Reached skill level 27 in Polearms
    56 | D        | Reached skill level 27 in Ranged Weapons
    56 | D        | Reached skill level 27 in Shapeshifting
    57 | D        | Killed a destroyer
    58 | D        | Noticed an accursed
    58 | D        | Killed an accursed
    58 | D        | Killed a tyrant
    59 | D        | Noticed a destroyer
    59 | D        | Noticed a destroyer
    59 | D        | Noticed a large bag of meat
    60 | D        | Noticed a destroyer
    60 | D        | Killed a destroyer
    60 | D        | Noticed an accursed
    61 | D        | Killed a destroyer
    61 | D        | Killed a destroyer
    63 | D        | Noticed a meat beast
    63 | D        | Killed a destroyer
    64 | D        | Noticed a meat beast
    64 | D        | Killed a large bag of meat
    64 | D        | Killed a tyrant
    65 | D        | Killed a meat beast
    66 | D        | Killed an accursed
    66 | D        | Killed a meat beast
    68 | D        | Killed a large bag of meat
    68 | D        | Killed a destroyer
    69 | D        | Noticed a large bag of meat
    69 | D        | Noticed an accursed
    69 | D        | Noticed a dread
    69 | D        | Noticed The Captor
    69 | D        | Noticed a large bag of meat
    70 | D        | Noticed a meat beast
    70 | D        | Killed The Captor
    70 | D        | Killed a meat beast
    71 | D        | Killed a large bag of meat
    71 | D        | Killed a large bag of meat
    71 | D        | Noticed a dread
    73 | D        | Killed a large bag of meat
    73 | D        | Killed a dread
    73 | D        | Noticed a tyrant
    73 | D        | Noticed an accursed
    76 | D        | Killed an accursed
    76 | D        | Killed a dread
    76 | D        | Killed a tyrant
    76 | D        | Noticed a meat beast
    77 | D        | Killed a meat beast
    77 | D        | Noticed a meat beast
    78 | D        | Killed a meat beast
    80 | D        | Noticed a meat beast
    81 | D        | Noticed a meat beast
    82 | D        | Killed a meat beast
    83 | D        | Killed a meat beast
    84 | D        | Noticed a tyrant
    84 | D        | Noticed a dread
    85 | D        | Noticed a destroyer
    85 | D        | Noticed a meat beast
    85 | D        | Noticed a meat beast
    86 | D        | Noticed a dread
    86 | D        | Killed a destroyer
    87 | D        | Killed a meat beast
    88 | D        | Noticed a destroyer
    89 | D        | Killed a meat beast
    89 | D        | Noticed a large bag of meat
    90 | D        | Noticed a destroyer
    91 | D        | Noticed a dread
    91 | D        | Killed a dread
    92 | D        | Noticed an accursed
    92 | D        | Noticed a large bag of meat
    92 | D        | Killed a destroyer
    93 | D        | Noticed an accursed
    93 | D        | Noticed a destroyer
    93 | D        | Killed an accursed
    93 | D        | Killed a dread
    93 | D        | Noticed a dread
    94 | D        | Noticed a large bag of meat
    94 | D        | Noticed a destroyer
    94 | D        | Noticed a large bag of meat
    94 | D        | Noticed an accursed
    95 | D        | Noticed a tyrant
    96 | D        | Killed a tyrant
    96 | D        | Killed a large bag of meat
    96 | D        | Noticed a destroyer
    97 | D        | Killed a dread
    97 | D        | Killed a destroyer
    99 | D        | Noticed The Defiler
    99 | D        | Killed The Defiler
    99 | D        | Noticed a tyrant
   100 | D        | Killed a tyrant
   102 | D        | Killed a destroyer
   102 | D        | Noticed a meat beast
   103 | D        | Killed a destroyer
   103 | D        | Killed an accursed
   104 | D        | Killed a tyrant
   105 | D        | Killed a destroyer
   105 | D        | Killed a large bag of meat
   105 | D        | Killed a meat beast
   105 | D        | Noticed a large bag of meat
   106 | D        | Noticed a large bag of meat
   106 | D        | Noticed a dread
   106 | D        | Killed a large bag of meat
   106 | D        | Noticed a tyrant
   106 | D        | Noticed a meat beast
   107 | D        | Killed a dread
   108 | D        | Killed a dread
   108 | D        | Killed a tyrant
   108 | D        | Killed a large bag of meat
   109 | D        | Killed a large bag of meat
   111 | D        | Killed a large bag of meat
   111 | D        | Noticed a tyrant
   112 | D        | Noticed a dread
   112 | D        | Killed a dread
   114 | D        | Noticed a dread
   114 | D        | Noticed a tyrant
   114 | D        | Noticed a destroyer
   115 | D        | Killed a dread
   115 | D        | Killed a destroyer
   115 | D        | Killed an accursed
   116 | D        | Killed a tyrant
   118 | D        | Killed a tyrant
   121 | D        | Noticed a fleshlord
   121 | D        | Killed a fleshlord
   123 | D        | Killed a destroyer
   123 | D        | Noticed a dread
   123 | D        | Noticed a fleshlord
   124 | D        | Killed a fleshlord
   124 | D        | Killed a dread
   124 | D        | Noticed a meat beast
   125 | D        | Killed a meat beast
   126 | D        | Noticed a dread
   127 | D        | Killed a dread
   130 | D        | Noticed a fleshlord
   130 | D        | Killed a fleshlord
   134 | D        | Noticed a fleshlord
   135 | D        | Noticed a fleshlord
   135 | D        | Noticed a meat beast
   136 | D        | Killed a fleshlord
   136 | D        | Killed a meat beast
   136 | D        | Killed a fleshlord
   138 | D        | Noticed a fleshlord
   139 | D        | Killed a fleshlord
   140 | D        | Noticed a fleshlord
   140 | D        | Noticed a fleshlord
   141 | D        | Killed a fleshlord
   141 | D        | Killed a fleshlord
   142 | D        | Noticed a dread
   142 | D        | Noticed a destroyer
   143 | D        | Killed a dread
   143 | D        | Killed a destroyer
   146 | D        | Noticed an accursed
   147 | D        | Killed an accursed
   147 | D        | Noticed a dread
   147 | D        | Noticed a fleshlord
   148 | D        | Killed a fleshlord
   148 | D        | Killed a dread
   149 | D        | Noticed a meat beast
   149 | D        | Noticed a meat beast
   150 | D        | Killed a meat beast
   150 | D        | Killed a meat beast
   151 | D        | Noticed a meat beast
   151 | D        | Noticed a destroyer
   152 | D        | Killed a meat beast
   152 | D        | Killed a destroyer
   152 | D        | Noticed The Meatlord
   153 | D        | Killed The Meatlord
   153 | D        | Noticed a fleshlord
   153 | D        | Noticed a fleshlord
   154 | D        | Got the Orb of Zot
   154 | D        | Noticed a dread
   156 | D        | Escaped with the Orb!

Illustrated notes

Levels and vault maps discovered:
D:        meatsprint

Skill      XL: |  1  2  3  4  5  6  7  8  9 10 11 12 13 14 15 16 17 18 19 20 21 22 23 24 25 26 27 |
---------------+----------------------------------------------------------------------------------+-----
Fighting       | 13 18 22 27 | 27.0
Axes           | 15 20 22 27 | 27.0
Spellcasting   | 10 14 17 21 24 26 27 | 27.0
Conjurations   | 10 14 17 21 24 26 27 | 27.0
Hexes          | 10 14 17 21 24 26 27 | 27.0
Summonings     | 10 14 17 21 24 26 27 | 27.0
Necromancy     | 10 14 17 21 24 26 27 | 27.0
Translocations | 10 14 17 21 24 26 27 | 27.0
Fire Magic     | 10 14 17 21 24 26 27 | 27.0
Ice Magic      | 10 14 17 21 24 26 27 | 27.0
Air Magic      | 10 14 17 21 24 26 27 | 27.0
Earth Magic    | 10 14 17 21 24 26 27 | 27.0
Alchemy        | 10 14 17 21 24 26 27 | 27.0
Stealth        | 15 19 25 27 | 27.0
Throwing       | 2 5 7 16 27 | 27.0
Armour         | 3 9 12 26 27 | 27.0
Dodging        | 8 19 25 27 | 27.0
Unarmed Combat | 7 18 23 27 | 27.0
Short Blades   | 12 15 19 21 27 | 27.0
Long Blades    | 12 15 19 21 27 | 27.0
Maces & Flails | 11 14 17 19 27 | 27.0
Polearms       | 11 14 17 19 27 | 27.0
Staves         | 12 15 19 21 27 | 27.0
Ranged Weapons | 11 14 17 19 27 | 27.0
Shields        | 13 17 20 23 27 | 27.0
Invocations    | 13 17 20 23 27 | 27.0
Evocations     | 13 17 20 23 27 | 27.0
Shapeshifting  | 11 14 17 19 27 | 27.0

Action                     |  1- 3 |  4- 6 |  7- 9 | 10-12 | 13-15 | 16-18 | 19-21 | 22-24 | 25-27 || total
---------------------------+-------+-------+-------+-------+-------+-------+-------+-------+-------++-------
  Melee: Executioner's axe |     1 |       |       |     1 |     4 |     8 |     9 |     8 |   198 ||   229
   Cast: Vhi's Electric Ch |       |       |       |     1 |     1 |     2 |     2 |     8 |    32 ||    46
         Manifold Assault  |       |       |       |       |       |     1 |     1 |       |    53 ||    55
    Use: Potion            |       |       |       |       |       |       |       |       |     1 ||     1
   Stab: Distracted        |       |       |       |       |       |       |       |       |     1 ||     1
 Armour: Leather armour    |       |       |       |       |       |     3 |       |     1 |    39 ||    43
  Dodge: Dodged            |       |       |       |       |       |     1 |       |       |    11 ||    12
